[Event "Titled Tuesday Blitz May 24 Late 2022"]
[White "Halkias, Stelios"]
[Black "Rasulov, Vugar"]
[WhiteFideId "4201809"]
[BlackFideId "13402390"]
[WhiteElo "2453"]
[BlackElo "2560"]
[Result "1/2-1/2"]
[Round "05"]
[TimeControl "180+1"]
[Date "2022.05.24"]
[WhiteClock "0:00:24"]
[BlackClock "0:01:00"]

1. Nf3 Nf6 2. d4 d5 3. c4 c6 4. Nc3 e6 5. g3 Nbd7 6. Bg2 dxc4 7. Bg5 Be7 8. a4 O-O 9. O-O b6 10. Nd2 Bb7 11. Nxc4 Rc8 12. Rc1 Ba6 13. b3 c5 14. Nb5 Bxb5 15. axb5 cxd4 16. Qxd4 Nc5 17. Qxd8 Rfxd8 18. Ne5 Nxb3 19. Rxc8 Rxc8 20. Nc6 Rc7 21. Rd1 Bf8 22. Rd8 h6 23. Bf4 Rd7 24. Rxd7 Nxd7 25. Nxa7 Nd4 26. Kf1 Bc5 27. Be3 Nf5 28. Bxc5 Nxc5 29. Nc8 Na4 30. e3 Kf8 31. Be4 Ne7 32. Nd6 Nc3 33. Bd3 Ned5 34. Ke1 Ke7 35. Nc4 f5 36. Kd2 Nxb5 37. Nxb6 Nxb6 38. Bxb5 e5 39. f3 g5 40. Kc3 Nd5+ 41. Kd3 Kf6 42. Bc4 Nb4+ 43. Kc3 Nc6 44. Bd5 Ne7 45. Kc4 h5 46. h3 Ng6 47. Kd3 h4 48. g4 f4 49. Be4 Nf8 50. exf4 exf4 51. Bf5 Ke5 52. Kc3 Kd5 53. Kd3 Kc5 54. Ke4 Kd6 55. Kd4 Ke7 56. Kd5 Kf6 57. Kd6 Kf7 58. Be4 Kf6 59. Bf5 Kf7 60. Be4 Kf6 61. Bf5 1/2-1/2


[Site "https://www.chess.com"]

[Event "Titled Tuesday Blitz May 24 Late 2022"]
[White "Hamitevici, Vladimir"]
[Black "Keymer, Vincent"]
[WhiteFideId "13902393"]
[BlackFideId "12940690"]
[WhiteElo "2359"]
[BlackElo "2548"]
[Result "0-1"]
[Round "05"]
[TimeControl "180+1"]
[Date "2022.05.24"]
[WhiteClock "0:00:02"]
[BlackClock "0:00:11"]

1. Nf3 d5 2. b3 Bg4 3. Bb2 e6 4. e3 Nd7 5. Be2 Ngf6 6. O-O a5 7. a3 Bd6 8. c4 O-O 9. Nc3 c6 10. h3 Bh5 11. Nd4 Bxe2 12. Qxe2 Re8 13. Rfc1 Bf8 14. cxd5 exd5 15. Nf3 Nc5 16. Nd4 Qb6 17. Rcb1 Nxb3 18. Na4 Nxd4 19. Nxb6 Nxe2+ 20. Kf1 Ng3+ 21. fxg3 Ne4 22. Nxa8 Nxd2+ 23. Ke2 Nxb1 24. Nb6 Bc5 25. Na4 Rxe3+ 26. Kd1 Bxa3 27. Rxb1 b5 28. Bxa3 Rxa3 29. Nc5 Rxg3 30. Rb2 h5 31. Ke1 a4 32. Kf2 Rc3 33. Na6 a3 34. Rd2 c5 35. Nc7 b4 36. Nxd5 Rc1 37. Ne3 b3 38. Rd8+ Kh7 39. Rb8 a2 40. Ra8 a1=Q 0-1


[Site "https://www.chess.com"]

[Event "Titled Tuesday Blitz May 24 Late 2022"]
[White "Huber, Benedikt"]
[Black "Garcia, Gabriel Gonzaga"]
[WhiteFideId "12923583"]
[BlackFideId "2138956"]
[WhiteElo "1979"]
[BlackElo "2240"]
[Result "1-0"]
[Round "05"]
[TimeControl "180+1"]
[Date "2022.05.25"]
[WhiteClock "0:00:41"]
[BlackClock "0:01:15"]

1. d4 Nf6 2. Bf4 e6 3. e3 b6 4. Qf3 d5 5. Nc3 Bb7 6. g4 Nbd7 7. Bd3 Bb4 8. Ne2 h5 9. g5 Ne4 10. O-O Nd2 11. Qg3 Nxf1 12. Rxf1 h4 13. Qg4 Bd6 14. g6 f5 15. Qg2 Bxf4 16. Nxf4 Qf6 17. Nb5 Kd8 18. c4 c6 19. Nd6 Ba6 20. Nf7+ Ke7 21. Nxh8 Rxh8 22. Rc1 e5 23. dxe5 Qxe5 24. Bf1 Qxb2 25. Rd1 Qc2 26. Nxd5+ cxd5 27. Qxd5 Rd8 28. Qf7# 1-0


[Site "https://www.chess.com"]

[Event "Titled Tuesday Blitz May 24 Late 2022"]
[White "Isajevsky, Anton"]
[Black "Vasquez Schroeder, Rodrigo"]
[WhiteFideId "4142500"]
[BlackFideId "3400042"]
[WhiteElo "2510"]
[BlackElo "2567"]
[Result "1/2-1/2"]
[Round "05"]
[TimeControl "180+1"]
[Date "2022.05.24"]
[WhiteClock "0:00:07"]
[BlackClock "0:01:11"]

1. c4 c5 2. Nc3 Nf6 3. Nf3 e6 4. e3 a6 5. b3 Nc6 6. Bb2 d5 7. cxd5 exd5 8. d4 cxd4 9. Nxd4 Bd6 10. Be2 O-O 11. O-O Re8 12. Rc1 Bc7 13. Nxc6 bxc6 14. Re1 Qd6 15. g3 Bh3 16. Bf3 Ba5 17. Re2 Rad8 18. Qd3 c5 19. Na4 c4 20. bxc4 dxc4 21. Qxd6 Rxd6 22. Rec2 Be6 23. Nc5 Bf5 24. Rxc4 Bb6 25. Nb3 h6 26. Bd4 Be6 27. Rc6 Rxc6 28. Rxc6 Bxd4 29. Nxd4 Bxa2 30. Rxa6 Bc4 31. Ra7 Rb8 32. Ra8 Rxa8 33. Bxa8 g6 34. f3 Nd7 35. Kf2 Ne5 36. Be4 f5 37. Bc2 Kg7 38. h3 Bd3 39. Bxd3 Nxd3+ 40. Ke2 Ne5 41. f4 Nc4 42. Kf3 Nd2+ 43. Ke2 Ne4 44. g4 Kf6 45. Nf3 Nc3+ 46. Kd3 Ne4 47. Ke2 Nc3+ 48. Kf2 Nd1+ 49. Ke2 Nc3+ 1/2-1/2


[Site "https://www.chess.com"]

[Event "Titled Tuesday Blitz May 24 Late 2022"]
[White "Ivanisevic, Ivan"]
[Black "Holt, Conrad"]
[WhiteFideId "912417"]
[BlackFideId "2034387"]
[WhiteElo "2495"]
[BlackElo "2586"]
[Result "1-0"]
[Round "05"]
[TimeControl "180+1"]
[Date "2022.05.24"]
[WhiteClock "0:00:21"]
[BlackClock "0:00:04"]

1. d4 d5 2. Nf3 Nf6 3. c4 c6 4. Nc3 dxc4 5. a4 Bf5 6. Ne5 Nbd7 7. Nxc4 Nb6 8. e3 e6 9. Qb3 Nbd5 10. Bd2 Nb4 11. e4 Bg6 12. Rd1 a5 13. f3 Nd7 14. Be3 Be7 15. Be2 O-O 16. O-O f6 17. Rd2 Bf7 18. Qd1 Qc7 19. Kh1 Rfd8 20. f4 f5 21. d5 exd5 22. exd5 Nxd5 23. Nxd5 cxd5 24. Rxd5 Qc6 25. Rd4 Qe6 26. Bf3 Nc5 27. Ne5 Rxd4 28. Qxd4 Rd8 29. Qc3 Ne4 30. Qxa5 Be8 31. Qb6 Qxb6 32. Bxb6 Bxa4 33. Bxd8 Bxd8 34. Re1 Bc2 35. Rc1 1-0


[Site "https://www.chess.com"]

[Event "Titled Tuesday Blitz May 24 Late 2022"]
[White "Janaszak, Dawid"]
[Black "Drygalov, Sergey"]
[WhiteFideId "1119206"]
[BlackFideId "24171743"]
[WhiteElo "2199"]
[BlackElo "2514"]
[Result "0-1"]
[Round "05"]
[TimeControl "180+1"]
[Date "2022.05.24"]
[WhiteClock "0:00:08"]
[BlackClock "0:00:48"]

1. e4 c5 2. Nc3 d6 3. f4 Nc6 4. Nf3 g6 5. Bc4 Bg7 6. O-O e6 7. d4 cxd4 8. Nb5 Nge7 9. Bb3 O-O 10. Nbxd4 a5 11. a4 d5 12. e5 b6 13. Be3 Ba6 14. Re1 Rc8 15. c3 Nf5 16. Nxf5 gxf5 17. Bc2 Kh8 18. Bd3 Bb7 19. Qd2 Ba8 20. Qf2 Rb8 21. Red1 h6 22. h3 Rg8 23. Kh2 Bf8 24. Rg1 Bc5 25. g4 fxg4 26. hxg4 d4 27. cxd4 Nb4 28. Bb1 Bf8 29. g5 Rc8 30. f5 Bxf3 31. Qxf3 Nc2 32. Bxc2 Rxc2+ 33. Rg2 Rxg2+ 34. Kxg2 Be7 35. f6 Bf8 36. Rh1 Qc7 37. Kf2 Qc2+ 38. Qe2 Qxa4 39. gxh6 Qc6 40. Qf3 Qc2+ 41. Qe2 Rg2+ 42. Kxg2 Qxe2+ 43. Bf2 Qxb2 44. h7 a4 45. Rh3 a3 46. Rg3 a2 47. Rg8+ Kxh7 48. Rxf8 a1=Q 49. Rxf7+ Kh6 50. Rf8 Qaa2 51. Rh8+ Kg6 52. Rg8+ Kf5 53. f7 Qxf2+ 0-1


[Site "https://www.chess.com"]

[Event "Titled Tuesday Blitz May 24 Late 2022"]
[White "Jarocka, Liwia"]
[Black "Roque Sola, Jose Luis"]
[WhiteFideId "21807558"]
[BlackFideId "5120390"]
[WhiteElo "1887"]
[BlackElo "1983"]
[Result "0-1"]
[Round "05"]
[TimeControl "180+1"]
[Date "2022.05.25"]
[WhiteClock "0:02:16"]
[BlackClock "0:01:18"]

1. e4 e6 2. Nf3 d5 3. exd5 exd5 4. d4 Nc6 5. Bb5 Bd6 6. O-O Ne7 7. Re1 O-O 8. Bg5 f6 9. Bh4 Bg4 10. c3 a6 11. Bxc6 bxc6 12. Nbd2 Qd7 13. Bg3 Rae8 14. Qa4 Bxg3 15. hxg3 Qc8 16. Re3 Bd7 17. Rae1 Nf5 18. Rxe8 Rxe8 19. Rxe8+ Bxe8 20. Qc2 Nd6 21. Nb3 Ne4 22. Nfd2 Bg6 23. Nxe4 dxe4 24. Qe2 f5 25. Nc5 a5 26. Qa6 Qxa6 27. Nxa6 Bf7 28. a3 g5 29. Nxc7 f4 30. Kf1 Kf8 31. Na6 Bc4+ 32. Ke1 Bxa6 33. b4 axb4 0-1


[Site "https://www.chess.com"]

[Event "Titled Tuesday Blitz May 24 Late 2022"]
[White "Jeet, Jain"]
[Black "Vivas Zamora, Fabian Ernesto"]
[WhiteFideId "5073022"]
[BlackFideId "3902480"]
[WhiteElo "2028"]
[BlackElo "1987"]
[Result "0-1"]
[Round "05"]
[TimeControl "180+1"]
[Date "2022.05.25"]
[WhiteClock "0:00:53"]
[BlackClock "0:00:07"]

1. Nf3 Nf6 2. g3 g6 3. Bg2 Bg7 4. O-O O-O 5. d3 d5 6. Nbd2 d4 7. c4 c5 8. a3 a5 9. Rb1 Nc6 10. Ne1 a4 11. b4 axb3 12. Nxb3 Qd6 13. e3 e5 14. exd4 cxd4 15. f4 Nd7 16. Nf3 Re8 17. Re1 b6 18. Nfxd4 Bb7 19. Nb5 Qb8 20. fxe5 Ncxe5 21. N3d4 Bxg2 22. Kxg2 Qb7+ 23. Kg1 Nxd3 24. Rxe8+ Rxe8 25. Qxd3 Re1+ 26. Kf2 Qh1 27. Ne2 Qf1+ 28. Ke3 Bh6+ 29. Kd4 Qf6+ 30. Kd5 Qe6+ 31. Kd4 Qe5# 0-1


[Site "https://www.chess.com"]

[Event "Titled Tuesday Blitz May 24 Late 2022"]
[White "Kaasen, Tor Fredrik"]
[Black "Papp, Levente"]
[WhiteFideId "1516647"]
[BlackFideId "751243"]
[WhiteElo "2335"]
[BlackElo "2308"]
[Result "0-1"]
[Round "05"]
[TimeControl "180+1"]
[Date "2022.05.24"]
[WhiteClock "0:00:05"]
[BlackClock "0:00:06"]

1. e4 e6 2. d4 d5 3. Nc3 Bb4 4. e5 Ne7 5. a3 Bxc3+ 6. bxc3 b6 7. Qg4 Ng6 8. h4 h5 9. Qg3 Ba6 10. Bxa6 Nxa6 11. Bg5 Qd7 12. Ne2 Qa4 13. Qd3 c5 14. O-O Ne7 15. Bxe7 Kxe7 16. Nf4 Rac8 17. Qg3 g6 18. Qg5+ Kd7 19. Qf6 Rhf8 20. Rad1 Nc7 21. Rfe1 Kc6 22. dxc5 bxc5 23. Rb1 Rce8 24. Red1 Qxc2 25. c4 d4 26. Nd3 Qe2 27. Qf4 Rb8 28. Rbc1 Rfd8 29. Qxf7 Rb3 30. Nf4 Qg4 31. Nxg6 d3 32. Ne7+ Kb7 33. Rb1 Ka6 34. Nc6 Rxb1 35. Rxb1 d2 36. Nxd8 d1=Q+ 37. Rxd1 Qxd1+ 38. Kh2 Qxd8 39. Qxh5 Qd4 40. Qg5 Qxf2 41. h5 Qf7 42. h6 Kb6 43. Qg7 Qh5+ 44. Kg3 Ne8 45. Qf8 Qg6+ 46. Kh3 Qh5+ 47. Kg3 Qg6+ 48. Kf3 Qh5+ 49. g4 Qxe5 50. Qxe8 Qf6+ 51. Ke4 Qxh6 52. Qb8+ Ka6 53. Qc8+ Kb6 54. Qb8+ Ka6 55. Ke5 Qh2+ 56. Kxe6 Qxb8 0-1


[Site "https://www.chess.com"]

[Event "Titled Tuesday Blitz May 24 Late 2022"]
[White "Kamsky, Gata"]
[Black "Tarigan, Gilbert Elroy"]
[WhiteFideId "2000024"]
[BlackFideId "7108133"]
[WhiteElo "2645"]
[BlackElo "1908"]
[Result "1-0"]
[Round "05"]
[TimeControl "180+1"]
[Date "2022.05.24"]
[WhiteClock "0:00:44"]
[BlackClock "0:00:18"]

1. d4 d5 2. Bf4 Nf6 3. e3 g6 4. c3 Bg7 5. Nd2 O-O 6. Ngf3 Nfd7 7. h4 Nf6 8. Ne5 h5 9. Be2 c5 10. g4 hxg4 11. Nxg4 Nh5 12. Nh6+ Kh7 13. Bxh5 Bxh6 14. Bxh6 Kxh6 15. Be2 cxd4 16. exd4 Nc6 17. Nf3 Kg7 18. Qd2 Bg4 19. O-O-O Rh8 20. Rdg1 Bh5 21. Ng5 e6 22. Bd3 Qf6 23. Kb1 Rab8 24. Rg3 b5 25. b4 a5 26. a3 axb4 27. axb4 Ne7 28. Kb2 Nc8 29. Qe3 Nd6 30. Qe5 Qxe5 31. dxe5 Nc4+ 32. Bxc4 bxc4 33. Ra1 Ra8 34. Rgg1 Be2 35. Rxa8 Rxa8 36. Ra1 1-0


[Site "https://www.chess.com"]

[Event "Titled Tuesday Blitz May 24 Late 2022"]
[White "Kim, Sergey"]
[Black "Roman, Rodrigo"]
[WhiteFideId "13700570"]
[BlackFideId "3701220"]
[WhiteElo "2555"]
[BlackElo "2001"]
[Result "0-1"]
[Round "05"]
[TimeControl "180+1"]
[Date "2022.05.25"]
[WhiteClock "0:01:46"]
[BlackClock "0:01:17"]

1. d4 Nf6 2. c4 e6 3. Nc3 Bb4 4. Qc2 c5 5. dxc5 Na6 6. Nf3 Nxc5 7. Bd2 b6 8. e3 Bb7 9. Be2 O-O 10. O-O d5 11. Rfd1 Qe7 12. Be1 dxc4 13. Bxc4 Rac8 14. Qe2 Bxf3 15. gxf3 Ncd7 16. Bb3 Ne5 17. f4 Ng6 18. Qf3 Nh4 19. Qh3 Ng6 20. Rac1 Rc5 21. a3 Rh5 22. Qg3 Bxc3 23. Bxc3 Ne4 24. Qg2 Nxc3 25. Rxc3 Nh4 26. Qg4 Rh6 27. Kh1 Rg6 28. Qh3 Qb7+ 29. Bd5 exd5 30. Qxh4 d4+ 0-1


[Site "https://www.chess.com"]

[Event "Titled Tuesday Blitz May 24 Late 2022"]
[White "Kohler, Aran"]
[Black "Remolar Gallen, Jose"]
[WhiteFideId "1002856"]
[BlackFideId "2215187"]
[WhiteElo "2246"]
[BlackElo "2205"]
[Result "1-0"]
[Round "05"]
[TimeControl "180+1"]
[Date "2022.05.25"]
[WhiteClock "0:01:28"]
[BlackClock "0:00:25"]

1. d4 d5 2. Nf3 Nf6 3. Bg5 Ne4 4. h4 c5 5. e3 Nc6 6. c3 Qb6 7. Qb3 cxd4 8. Qxb6 axb6 9. exd4 Bg4 10. Nbd2 e6 11. Nxe4 dxe4 12. Nd2 f5 13. f3 exf3 14. gxf3 Bh5 15. Bb5 Bd6 16. Kf2 h6 17. Nc4 Bc7 18. Be3 O-O 19. Bxc6 bxc6 20. f4 b5 21. Ne5 Bxe5 22. dxe5 Rfd8 23. Rhc1 Rab8 24. Rc2 Rd5 25. Rd2 Rbd8 26. Rxd5 Rxd5 27. b3 Kf7 28. a4 bxa4 29. bxa4 Rd3 30. a5 Rd8 31. a6 Ra8 32. a7 Ke7 33. Rb1 Kd7 34. Rb8 1-0


[Site "https://www.chess.com"]

[Event "Titled Tuesday Blitz May 24 Late 2022"]
[White "Kopczynski, Michal"]
[Black "Hasangatin, Ramil"]
[WhiteFideId "1124200"]
[BlackFideId "4122160"]
[WhiteElo "2235"]
[BlackElo "2399"]
[Result "0-1"]
[Round "05"]
[TimeControl "180+1"]
[Date "2022.05.25"]
[WhiteClock "0:00:02"]
[BlackClock "0:00:07"]

1. e4 d5 2. exd5 Qxd5 3. d4 e5 4. Be3 Nc6 5. c4 Qa5+ 6. Bd2 Bb4 7. d5 Bxd2+ 8. Qxd2 Qxd2+ 9. Nxd2 Nb4 10. Kd1 Bg4+ 11. Ngf3 Nf6 12. a3 Na6 13. b4 e4 14. h3 Bh5 15. g4 Nxg4 16. hxg4 Bxg4 17. Rg1 f5 18. Rxg4 fxg4 19. Ne5 O-O 20. Nxg4 Rf4 21. Be2 Raf8 22. c5 Nb8 23. Ne3 Nd7 24. Bc4 Ne5 25. Bb3 Kh8 26. Kc2 Rxf2 27. Kc3 Re2 28. Ndc4 Rf3 29. d6 cxd6 30. cxd6 Nxc4 31. d7 Rexe3+ 32. Kxc4 Rd3 33. Ba4 a6 34. b5 Rxd7 35. bxa6 Rc7+ 36. Kb4 bxa6 37. Re1 e3 38. Rd1 g5 39. Ka5 Rf4 40. Kb6 Re7 41. Bb3 Kg7 42. Kxa6 e2 43. Re1 Rf1 44. Rxe2 Rxe2 45. a4 Rf6+ 46. Kb5 Re5+ 47. Kb4 Rf4+ 48. Ka3 Re3 49. Ka2 Rf2+ 50. Ka1 Re1+ 51. Bd1 Rxd1# 0-1


[Site "https://www.chess.com"]

[Event "Titled Tuesday Blitz May 24 Late 2022"]
[White "Krallis, Christos"]
[Black "Kosteniuk, Alexandra"]
[WhiteFideId "4298896"]
[BlackFideId "4128125"]
[WhiteElo "2234"]
[BlackElo "2469"]
[Result "0-1"]
[Round "05"]
[TimeControl "180+1"]
[Date "2022.05.25"]
[WhiteClock "0:00:03"]
[BlackClock "0:00:29"]

1. d4 Nf6 2. c4 e6 3. Nf3 d5 4. g3 dxc4 5. Bg2 Nc6 6. O-O Rb8 7. e3 b5 8. Qe2 Nb4 9. Ne5 Bb7 10. Bxb7 Rxb7 11. b3 cxb3 12. axb3 Bd6 13. Bd2 O-O 14. Bxb4 Bxb4 15. Nc6 Qd6 16. Rc1 a5 17. Nxa5 Rb6 18. Nc3 Bxc3 19. Rxc3 Ra8 20. Rcc1 Rba6 21. Qxb5 Qb6 22. Qxb6 cxb6 23. b4 bxa5 24. b5 Rb6 25. Rxa5 Rab8 26. Rc6 h5 27. Rxb6 Rxb6 28. Ra8+ Kh7 29. Ra7 Kg6 30. Ra5 Ne4 31. f3 Nc3 32. Ra3 Nxb5 33. Rb3 Rb7 34. e4 Nd6 35. Rd3 Rb2 36. Rc3 Nb5 37. Rc4 Rd2 38. d5 exd5 39. Rc5 Nd4 40. exd5 Nxf3+ 41. Kf1 Nxh2+ 42. Ke1 Nf3+ 43. Kf1 Kf6 44. d6 Rxd6 45. Rxh5 g6 46. Ra5 Ne5 47. Kg2 Rd3 48. Ra6+ Kf5 49. Ra4 g5 50. Kh3 f6 51. Ra8 Rd2 52. g4+ Nxg4 53. Ra5+ Ne5 54. Ra3 Rd3+ 0-1


[Site "https://www.chess.com"]

[Event "Titled Tuesday Blitz May 24 Late 2022"]
[White "Kujawski, Adam"]
[Black "Larino Nieto, David"]
[WhiteFideId "1100920"]
[BlackFideId "2256444"]
[WhiteElo "1982"]
[BlackElo "2532"]
[Result "0-1"]
[Round "05"]
[TimeControl "180+1"]
[Date "2022.05.25"]
[WhiteClock "0:00:03"]
[BlackClock "0:00:30"]

1. e4 d5 2. exd5 Qxd5 3. Nc3 Qa5 4. d4 Nf6 5. Nf3 Nc6 6. Bd2 a6 7. Ne4 Qh5 8. Ng3 Qg4 9. h3 Qd7 10. Bg5 e6 11. Bxf6 gxf6 12. c3 b6 13. Bc4 Ne7 14. Nh5 Ng8 15. d5 e5 16. Nh4 Bd6 17. Nf5 Bb7 18. Nhg7+ Kf8 19. Qg4 h5 20. Nxh5 Ke8 21. Qxg8+ Rxg8 22. Nxf6+ Kd8 23. Nxd7 Kxd7 24. g4 b5 25. Bb3 a5 26. a4 b4 27. c4 Bc5 28. Ke2 c6 29. Rad1 cxd5 30. cxd5 Ba6+ 31. Kf3 Rac8 32. d6 Bd4 33. Ne7 Bb7+ 34. Kg3 Bxh1 35. Nxc8 Rxc8 36. Rxh1 Kxd6 37. Bxf7 Bxb2 38. Rd1+ Bd4 39. f4 b3 40. fxe5+ Kxe5 41. Bxb3 Rc3+ 42. Kh4 Rxb3 43. Re1+ Kd5 44. Kh5 Rxh3+ 45. Kg6 Ra3 46. Rb1 Rxa4 47. Rb5+ Kc4 48. Rb7 Ra1 49. g5 Rg1 50. Rc7+ Bc5 51. Kf5 a4 52. g6 a3 53. g7 a2 54. Rf7 a1=Q 0-1


[Site "https://www.chess.com"]

[Event "Titled Tuesday Blitz May 24 Late 2022"]
[White "Levine, David"]
[Black "Sibilio, Mario"]
[WhiteFideId "2011611"]
[BlackFideId "800422"]
[WhiteElo "2113"]
[BlackElo "2296"]
[Result "1-0"]
[Round "05"]
[TimeControl "180+1"]
[Date "2022.05.25"]
[WhiteClock "0:00:41"]
[BlackClock "0:00:09"]

1. d4 Nf6 2. c4 e6 3. g3 Bb4+ 4. Bd2 Qe7 5. Bg2 O-O 6. Nf3 h6 7. O-O Bxd2 8. Nbxd2 d6 9. e4 e5 10. d5 a5 11. Ne1 Na6 12. Nd3 Nd7 13. f4 Nac5 14. Nxc5 Nxc5 15. Qc2 f5 16. Rae1 fxe4 17. fxe5 Rxf1+ 18. Bxf1 Qxe5 19. Nxe4 Bf5 20. Bg2 Re8 21. Nf6+ gxf6 22. Rxe5 Rxe5 23. Qd2 Kg7 24. h3 b6 25. Qf4 Nd3 26. Qd2 Re1+ 27. Kh2 Rb1 28. g4 1-0


[Site "https://www.chess.com"]

[Event "Titled Tuesday Blitz May 24 Late 2022"]
[White "Livaic, Leon"]
[Black "Romanchuk, Viktor"]
[WhiteFideId "14531534"]
[BlackFideId "14109271"]
[WhiteElo "2540"]
[BlackElo "2242"]
[Result "1-0"]
[Round "05"]
[TimeControl "180+1"]
[Date "2022.05.24"]
[WhiteClock "0:00:42"]
[BlackClock "0:00:04"]

1. e4 e6 2. d3 d5 3. Nd2 Nf6 4. Ngf3 c5 5. g3 g6 6. Bg2 Bg7 7. h4 Nc6 8. O-O O-O 9. Re1 a5 10. a4 b6 11. c3 dxe4 12. dxe4 Ba6 13. e5 Ng4 14. Ng5 Ncxe5 15. Bxa8 Qxa8 16. f3 Nh6 17. Nde4 Nf5 18. Bf4 Rd8 19. Qc2 Bd3 20. Qg2 h6 21. Nh3 c4 22. Nd2 Qc6 23. Bxe5 Bxe5 24. Rxe5 Qd6 25. f4 Bc2 26. Nxc4 1-0


[Site "https://www.chess.com"]

[Event "Titled Tuesday Blitz May 24 Late 2022"]
[White "Lopez Del Alamo, Antonio"]
[Black "Keller, Peter"]
[WhiteFideId "2227339"]
[BlackFideId "1272105"]
[WhiteElo "2089"]
[BlackElo "2275"]
[Result "0-1"]
[Round "05"]
[TimeControl "180+1"]
[Date "2022.05.25"]
[WhiteClock "0:00:02"]
[BlackClock "0:00:27"]

1. e4 e5 2. Bc4 Nf6 3. d3 c6 4. Nf3 d5 5. Bb3 Bb4+ 6. Bd2 Bxd2+ 7. Qxd2 O-O 8. O-O Re8 9. Qe2 a5 10. c3 a4 11. Bc2 Bg4 12. h3 Bh5 13. a3 Nbd7 14. Nbd2 b5 15. Rfe1 Qc7 16. Nf1 Bg6 17. Ng3 dxe4 18. dxe4 Nc5 19. Nh4 Rad8 20. Nhf5 Ne6 21. Rad1 Nf4 22. Qf3 Bxf5 23. Nxf5 g6 24. Ne3 Kg7 25. Kh2 h5 26. g3 Ne6 27. h4 Nd7 28. Nf5+ gxf5 29. exf5 Nef8 30. Qxh5 Nh7 31. Rxd7 Qxd7 32. f6+ Nxf6 33. Qg5+ Kf8 34. Qxf6 Re6 35. Qg5 Qd2 36. Kg2 Qxg5 37. hxg5 Rd2 38. Bf5 Re7 39. Rb1 e4 40. b3 e3 41. bxa4 e2 0-1


[Site "https://www.chess.com"]

[Event "Titled Tuesday Blitz May 24 Late 2022"]
[White "Lopez Gracia, Fernando"]
[Black "Ezat, Mohamed"]
[WhiteFideId "2207184"]
[BlackFideId "10600906"]
[WhiteElo "2431"]
[BlackElo "2386"]
[Result "0-1"]
[Round "05"]
[TimeControl "180+1"]
[Date "2022.05.25"]
[WhiteClock "0:00:02"]
[BlackClock "0:00:11"]

1. c4 Nf6 2. Nc3 e5 3. Nf3 e4 4. Ng5 b5 5. d3 exd3 6. cxb5 dxe2 7. Bxe2 Be7 8. O-O h6 9. Nf3 O-O 10. Be3 a6 11. bxa6 Bxa6 12. Re1 Bb4 13. Qc2 Bxc3 14. Qxc3 Nd5 15. Qb3 Nxe3 16. Qxe3 Re8 17. Qd2 Bxe2 18. Rxe2 Rxe2 19. Qxe2 Nc6 20. b3 Qf6 21. Rd1 Qe6 22. Qd2 d6 23. h3 Ne5 24. Nd4 Qg6 25. f4 Nd7 26. Rc1 Nc5 27. Qc2 Nd3 28. Rf1 c5 29. Nb5 Nxf4 30. Qxg6 Nxg6 31. a4 d5 32. Rc1 c4 33. bxc4 dxc4 34. Rxc4 Ne5 35. Re4 Nd3 36. Nc7 Ra5 37. Rd4 Nb2 38. Rd8+ Kh7 39. Rd7 Kg6 40. Rd6+ Kg5 41. Rd7 Kg6 42. Rd6+ f6 43. Rd7 Ra7 44. h4 Nxa4 45. h5+ Kh7 46. Re7 Nb6 47. g4 Ra4 48. Ne8 Rxg4+ 49. Kh2 Nd5 50. Rd7 Rg5 51. Nxg7 Rxg7 52. Rxd5 Rg5 53. Rd7+ Kg8 54. Kh3 Rxh5+ 55. Kg4 Rg5+ 56. Kf4 Rg7 57. Rd6 Kf7 58. Rd7+ Kg6 59. Rd5 Rb7 60. Kg4 Rb3 61. Kf4 h5 62. Ra5 h4 63. Kg4 h3 64. Ra2 f5+ 65. Kf4 Rb1 66. Rh2 Rb3 67. Rf2 Kh5 68. Kxf5 Kh4 69. Kf4 Rb8 70. Kf3 Rb3+ 71. Ke2 Kg3 72. Rf8 h2 73. Rg8+ Kh3 74. Rh8+ Kg2 75. Rg8+ Rg3 76. Rh8 h1=Q 0-1


[Site "https://www.chess.com"]

[Event "Titled Tuesday Blitz May 24 Late 2022"]
[White "Lopez Perdomo, Juan David"]
[Black "Veiga, Emerson de Sousa"]
[WhiteFideId "4405137"]
[BlackFideId "2151898"]
[WhiteElo "1997"]
[BlackElo "2034"]
[Result "0-1"]
[Round "05"]
[TimeControl "180+1"]
[Date "2022.05.25"]
[WhiteClock "0:00:20"]
[BlackClock "0:00:09"]

1. e4 c5 2. d4 cxd4 3. c3 Nf6 4. e5 Nd5 5. Nf3 Nc6 6. cxd4 d6 7. exd6 Qxd6 8. Be2 Bg4 9. O-O e6 10. Nc3 Rd8 11. Bg5 Be7 12. Bxe7 Ndxe7 13. Ne4 Qd5 14. Nc5 b6 15. Na6 O-O 16. Qa4 Bxf3 17. Bxf3 Qxd4 18. Bxc6 Nxc6 19. Qxc6 Qxb2 20. Qb7 Qa3 21. Nc7 Rd7 22. Qa6 Qb4 23. Nb5 Qc4 24. a4 h6 25. Rac1 Qe2 26. h3 Kh7 27. Rc8 Rxc8 28. Qxc8 Rd1 29. Rxd1 Qxd1+ 30. Kh2 Qxa4 31. Nc3 Qf4+ 32. Kg1 Qc1+ 33. Kh2 Qf4+ 34. Kg1 Qc1+ 35. Kh2 b5 36. Qc6 Qf4+ 37. Kg1 b4 38. Ne2 Qe5 39. Qc2+ g6 40. Qb3 Qxe2 41. Qxb4 Qd1+ 42. Kh2 Qd5 43. Qe7 Qe5+ 44. Kg1 Qe1+ 45. Kh2 Qxf2 46. Qf6 Qxf6 47. Kg3 a5 48. Kg4 a4 49. Kg3 a3 50. Kg4 a2 51. g3 a1=Q 52. h4 Qad4+ 53. Kh3 Qf5+ 54. Kg2 Qdf2+ 55. Kh1 Qb1# 0-1


[Site "https://www.chess.com"]

[Event "Titled Tuesday Blitz May 24 Late 2022"]
[White "Lutz, Igor Oscar"]
[Black "Semenenko, Dmytry"]
[WhiteFideId "2110806"]
[BlackFideId "14118645"]
[WhiteElo "1741"]
[BlackElo "2113"]
[Result "0-1"]
[Round "05"]
[TimeControl "180+1"]
[Date "2022.05.25"]
[WhiteClock "0:00:14"]
[BlackClock "0:02:03"]

1. d4 d5 2. c4 c6 3. Nf3 Nf6 4. g3 dxc4 5. Bg2 g6 6. O-O Bg7 7. Nbd2 b5 8. e4 O-O 9. e5 Nd5 10. Ne4 Nd7 11. a4 Bb7 12. b3 c3 13. Qc2 b4 14. h4 Qc7 15. h5 c5 16. hxg6 hxg6 17. dxc5 Nxc5 18. Nxc5 Qxc5 19. Ng5 Bxe5 20. Ne4 Qc6 21. Bh6 Bg7 22. Bxg7 Kxg7 23. Rad1 Nf6 24. f3 Qb6+ 25. Kh2 Rh8+ 26. Bh3 Bxe4 27. fxe4 Ng4+ 28. Kh1 Rxh3+ 0-1


[Site "https://www.chess.com"]

[Event "Titled Tuesday Blitz May 24 Late 2022"]
[White "Mahdavi, Reza"]
[Black "Martin Carmona, Gaston Manuel"]
[WhiteFideId "12595926"]
[BlackFideId "22284567"]
[WhiteElo "2253"]
[BlackElo "2162"]
[Result "0-1"]
[Round "05"]
[TimeControl "180+1"]
[Date "2022.05.25"]
[WhiteClock "0:01:37"]
[BlackClock "0:00:10"]

1. e4 c5 2. Nf3 d6 3. Bb5+ Nd7 4. c3 Nf6 5. Qe2 a6 6. Ba4 b5 7. Bc2 Bb7 8. d4 e6 9. O-O Be7 10. Re1 Qc7 11. Bd3 O-O 12. Nbd2 Rfe8 13. Nf1 e5 14. d5 c4 15. Bc2 a5 16. Ng3 g6 17. Bh6 Nc5 18. Nh4 Bc8 19. Nf3 Bd7 20. h3 Rec8 21. Nh2 Ne8 22. Rf1 f6 23. f4 Ng7 24. f5 Na4 25. Ng4 Rf8 26. Rf2 Nxb2 27. Raf1 Nd3 28. Bxd3 cxd3 29. Qxd3 gxf5 30. Bxg7 Kxg7 31. Nxf5+ Bxf5 32. Rxf5 Rac8 33. Qg3 Kh8 34. Rh5 Qxc3 35. Qh4 Rf7 36. Nh6 Rg7 37. Nf5 Rf7 38. Nxe7 Rxe7 39. Qxf6+ Rg7 40. Qxd6 Rcg8 41. Qf6 Qe3+ 42. Kh1 Qxe4 43. Rg5 Qxd5 44. Rxg7 Rxg7 45. Rc1 Qxg2# 0-1


[Site "https://www.chess.com"]

[Event "Titled Tuesday Blitz May 24 Late 2022"]
[White "Marin Ramirez, Gerardo"]
[Black "Senthilkumar, Pranav"]
[WhiteFideId "3901068"]
[BlackFideId "2083477"]
[WhiteElo "1920"]
[BlackElo "2409"]
[Result "0-1"]
[Round "05"]
[TimeControl "180+1"]
[Date "2022.05.25"]
[WhiteClock "0:00:05"]
[BlackClock "0:00:59"]

1. d4 Nf6 2. Nf3 d5 3. c4 c6 4. Nc3 e6 5. e3 Bb4 6. Bd3 O-O 7. O-O dxc4 8. Bxc4 b5 9. Bd3 a6 10. e4 Bb7 11. Bg5 h6 12. Bh4 g5 13. Bg3 Nbd7 14. Qe2 Nh5 15. Rfd1 Nxg3 16. hxg3 Qf6 17. e5 Qg7 18. Ne4 c5 19. a3 Ba5 20. Nxc5 Nxc5 21. dxc5 Bc7 22. Be4 Bxe4 23. Qxe4 Rad8 24. g4 f5 25. exf6 Qxf6 26. b4 Qe7 27. Qc6 Bb8 28. Qxa6 Qf6 29. Qxb5 Rde8 30. Qe2 Qf4 31. Rd4 Qf6 32. Rad1 e5 33. Re4 Re7 34. b5 Qg7 35. c6 h5 36. Qe3 Rf4 37. Rxf4 gxf4 38. Qb3+ Kh7 39. gxh5 e4 0-1


[Site "https://www.chess.com"]